Map: Lightshade LE

Players

Massa - Winner!

  • Race: Terran Terran
  • League: Platinum
  • Spawn Location: 11:00

Ztyxx

  • Race: Zerg Zerg
  • League: Platinum
  • Spawn Location: 5:00

VOD

Have the link to the VOD?

Description

Time

  • Played on: Jan. 22, 2021, 11:32 a.m.
  • Length: 12:29
Show
View Real Time Build Order
Export as new Build Order

Massa Terran - Winner!

Build Orders:  

Get SALT Encoding   

  12  0:00  SCV  
  13  0:13  SCV  
  14  0:20  Supply Depot  
  14  0:25  SCV  
  15  0:41  SCV  
  16  0:44  Barracks  
  16  0:49  Refinery  
  16  0:53  SCV  
  17  1:05  SCV  
  18  1:18  SCV  
  19  1:31  Orbital Command  
  19  1:41  Command Center  
  19  1:44  Barracks Reactor  
  19  1:58  Supply Depot  
  19  1:59  SCV  
  20  2:12  Factory  
  20  2:20  Marine x2  
  23  2:22  SCV  
  23  2:34  SCV  
  24  2:38  Marine x2  
  26  2:45  Supply Depot  
  26  2:47  SCV  
  27  2:56  Hellion, Marine x2  
  31  2:59  SCV  
  31  3:01  Orbital Command  
  32  3:11  SCV  
  33  3:14  Marine x2  
  33  3:16  Starport  
  35  3:21  Hellion  
  37  3:28  SCV x2  
  39  3:40  SCV x2  
  41  3:57  Factory Tech Lab  
  41  3:58  Marine x2  
  41  4:00  SCV x2  
  45  4:04  Starport Tech Lab  
  45  4:09  Barracks x2  
  45  4:10  Barracks  
  45  4:16  Marine x2  
  43  4:24  Siege Tank  
  43  4:28  Banshee  
  49  4:34  SCV x2, Marine x2  
  53  4:42  Refinery  
  53  4:44  Engineering Bay  
  53  4:46  SCV  
  53  4:48  Command Center, Supply Depot  
  54  4:56  Refinery  
  54  5:00  Marine x2  
  54  5:09  SCV x2  
  54  5:11  Siege Tank  
  59  5:20  Marine  
  59  5:21  Barracks Tech Lab  
  60  5:22  SCV x2  
  62  5:44  Supply Depot x3  
  62  5:45  Supply Depot  
  62  5:46  Missile Turret  
  62  5:47  Cloaking Field, Supply Depot  
  62  5:48  Supply Depot  
  62  5:59  Marine x2  
  62  6:00  SCV x2  
  62  6:01  Refinery  
  66  6:06  Marauder, Marine  
  66  6:07  Marine  
  70  6:12  SCV x2  
  70  6:15  Supply Depot  
  70  6:17  Marine x2  
  74  6:19  Siege Tank  
  74  6:24  SCV  
  78  6:28  Marauder  
  80  6:33  Command Center  
  80  6:38  Armory  
  80  6:49  Marauder  
  67  7:03  Marine x3  
  67  7:05  Siege Tank  
  71  7:11  Marauder, Stimpack  
  71  7:13  Barracks Tech Lab  
  72  7:21  Marine x3  
  65  7:32  Marauder  
  65  7:34  Marine  
  59  7:38  Marine x2  
  59  7:39  Marine  
  62  7:46  Planetary Fortress  
  62  7:48  SCV x2  
  64  7:52  Marine  
  64  7:53  Marauder  
  64  7:56  Marine x2  
  64  7:58  Siege Tank  
  73  8:00  SCV, Medivac  
  73  8:01  SCV  
  77  8:10  Marine  
  77  8:11  Barracks Reactor  
  77  8:12  SCV  
  78  8:13  SCV  
  78  8:15  Marauder  
  81  8:21  SCV  
  81  8:23  Refinery x2  
  81  8:24  SCV  
  81  8:25  SCV, Smart Servos  
  84  8:28  Marauder, Combat Shield  
  84  8:33  SCV  
  87  8:35  SCV  
  87  8:36  SCV, Marauder  
  87  8:37  SCV  
  92  8:45  SCV  
  92  8:47  SCV  
  94  8:48  SCV  
  94  8:49  SCV  
  94  8:51  Concussive Shells  
  94  8:52  Medivac  
  94  8:54  Siege Tank  
  101  8:56  Marauder, Marine x4  
  101  8:58  SCV, Marauder  
  101  8:59  SCV  
  101  9:00  SCV  
  101  9:01  SCV  
  113  9:06  Missile Turret  
  113  9:07  Sensor Tower  
  113  9:10  SCV  
  113  9:11  SCV  
  113  9:13  SCV x2, Marine  
  113  9:14  Marine x3  
  121  9:17  Marine, Command Center  
  121  9:18  Marine  
  121  9:21  Barracks  
  121  9:23  Barracks  
  123  9:24  Starport  
  123  9:27  Missile Turret  
  123  9:31  Marine x2  
  123  9:33  Factory  
  123  9:35  Marauder  
  123  9:36  Factory  
  129  9:46  Marauder, Marine  
  129  9:47  Marine  
  129  9:48  Siege Tank  
  129  9:49  Marine x2  
  138  9:55  Banshee  
  138  9:56  Marauder  
  141  10:04  Marine x2  
  145  10:07  Marauder, Marine x2  
  145  10:08  SCV  
  145  10:10  Planetary Fortress  
  148  10:18  Supply Depot  
  148  10:21  Supply Depot  
  148  10:22  SCV x2, Marine  
  148  10:23  SCV, Marauder, Marine, Supply Depot x2  
  148  10:25  Marine  
  137  10:28  Marauder  
  137  10:31  Barracks Reactor, Barracks Tech Lab, Marine  
  137  10:34  SCV  
  135  10:39  Siege Tank  
  135  10:40  Marine  
  135  10:41  Factory Tech Lab  
  139  10:45  Marauder, Medivac  
  139  10:46  Medivac  
  137  10:50  Marauder  
  134  11:04  Marauder, Marine x2  
  134  11:05  Marine x2  
  134  11:06  Marauder  
  134  11:09  Siege Tank  
  134  11:10  Factory Reactor  
  144  11:11  Marauder, Siege Tank  
  140  11:21  Medivac  
  140  11:22  Marine x3  
  140  11:24  Starport Reactor  
  131  11:26  Marauder  
  131  11:28  Marauder  
  136  11:32  Marauder  
  128  11:47  Marauder  
  128  11:49  Marauder  
  128  11:51  Marine  
  128  11:52  Marine x5  
  140  11:54  Marauder  
  134  12:09  Marine  
  134  12:10  Marine x5  
Show
View Real Time Build Order
Export as new Build Order

Ztyxx Zerg 

Build Orders: Hatch First 

Get SALT Encoding   

  12  0:00  Drone  
  13  0:12  Overlord  
  13  0:16  Drone  
  14  0:30  Drone x2  
  16  0:49  Hatchery  
  15  0:54  Drone  
  15  0:56  Drone  
  17  0:59  Drone  
  18  1:10  Extractor  
  17  1:15  Spawning Pool  
  16  1:19  Drone  
  16  1:20  Drone  
  18  1:29  Drone  
  19  1:39  Overlord  
  19  2:06  Zergling x2  
  19  2:07  Roach Warren, Zergling x4  
  19  2:08  Queen  
  23  2:11  Queen  
  25  2:18  Drone x2  
  27  2:24  Metabolic Boost  
  27  2:36  Drone x3  
  30  2:37  Drone  
  31  2:46  Drone  
  31  2:47  Overlord  
  32  3:01  Roach x2  
  36  3:06  Roach  
  36  3:07  Roach  
  40  3:16  Overlord  
  40  3:26  Roach x2  
  44  3:28  Overlord x2  
  44  3:34  Roach  
  44  3:35  Roach  
  44  3:36  Drone  
  44  3:37  Drone  
  50  3:42  Overlord  
  50  3:51  Evolution Chamber  
  50  3:53  Evolution Chamber  
  45  4:02  Roach x3  
  51  4:09  Roach  
  51  4:25  Drone x6  
  57  4:33  Ravager  
  57  4:38  Drone x2  
  60  4:45  Extractor, Zergling x2, Roach  
  55  5:09  Roach x2  
  55  5:10  Drone  
  55  5:11  Drone x7  
  67  5:27  Baneling Nest  
  64  5:29  Queen  
  66  5:39  Spore Crawler  
  66  5:42  Hatchery  
  64  5:43  Extractor  
  64  5:45  Queen  
  64  5:48  Drone x3  
  68  5:52  Overlord  
  68  5:53  Spore Crawler  
  67  6:10  Drone x8  
  75  6:22  Ravager  
  76  6:30  Extractor  
  72  6:58  Zergling x6  
  72  6:59  Zergling x20  
  72  7:06  Roach x2  
  70  7:14  Zergling x4  
  72  7:21  Overlord x2  
  69  7:23  Zergling x2  
  69  7:24  Zergling x4  
  69  7:31  Zergling x4  
  68  7:39  Zerg Ground Armor Level 1  
  68  7:41  Zerg Missile Weapons Level 1  
  68  7:45  Lair  
  68  7:56  Drone x8  
  76  8:13  Drone  
  76  8:14  Drone x12  
  89  8:34  Spore Crawler  
  88  8:44  Overlord x3  
  88  8:45  Drone, Overlord  
  88  8:46  Hatchery  
  88  8:47  Drone, Extractor, Overlord x2  
  88  8:49  Extractor, Overlord x7  
  87  8:56  Drone  
  88  9:03  Hatchery  
  88  9:06  Baneling x9  
  88  9:07  Overseer  
  87  9:11  Roach x9  
  87  9:12  Roach x3  
  111  9:17  Hydralisk Den  
  110  9:38  Drone  
  110  9:39  Drone x12  
  123  9:46  Zerg Missile Weapons Level 2  
  123  9:47  Zerg Ground Armor Level 2  
  123  9:49  Centrifical Hooks  
  123  9:59  Hydralisk  
  123  10:00  Hydralisk x6  
  137  10:14  Drone  
  137  10:15  Drone x10  
  129  10:33  Hydralisk x11  
  129  10:44  Zergling x14  
  129  10:47  Zergling x2  
  123  10:53  Zergling x6  
  124  11:02  Zergling x6  
  124  11:03  Zergling x2  
  106  11:12  Zergling x14  
  106  11:18  Zergling x4  
  91  11:23  Zergling x6  
  69  11:28  Queen  
  69  11:31  Zergling x2  
  69  11:32  Zergling x4  
  68  11:35  Drone  
  68  11:36  Drone  
  64  11:44  Zergling x2  
  64  11:45  Zergling x4  
  66  11:52  Roach  
  63  12:02  Roach x4  
  63  12:08  Zergling x2  
Tags
 
Matchup
TvZ
Replay Pack
Multiplayer
Spawn Locations
Cross Positions
Add a new tag
Caveats
  • Supply blocks, unpowered buildings, or Contaminate may cause inaccurate times.
  • Supply counts are checked every 10 seconds.